 Dungeon Crawl Stone Soup version 0.31-a0-182-gc5ef74bbde (webtiles) character file.

Game seed: 18016280030118754962

115 qw the Chopper (level 5, -4/32 HPs)
             Began as a Gargoyle Fighter on June 21, 2023.
             Slain by a gnoll
             ... wielding a +0 whip
              (6 damage)
             ... on level 3 of the Dungeon.
             The game lasted 00:00:59 (1752 turns).

qw the Chopper (Gargoyle Fighter)                   Turns: 1752, Time: 00:01:00

Health: -4/32      AC: 10    Str: 28    XL:     5   Next: 0%
Magic:  5/5        EV: 10    Int:  8    God:
Gold:   77         SH:  5    Dex: 15    Spells: 4/4 levels left

rFire   . . .        Y - +0 war axe
rCold   . . .        c - +0 buckler
rNeg    + . .        b - +0 scale mail
rPois   inf          (no helmet)
rElec   +            (no cloak)
rCorr   .            (no gloves)
SInv    .            (no boots)
Will    .....        (no amulet) Stlth
                     f - +6 ring of strength
HPRegen 0.25/turn    h - +6 ring of dexterity
MPRegen 0.09/turn

%: no passive effects
@: no status effects
A: sickness immunity, AC +4, negative energy resistance 1, electricity
resistance, torment resistance 1, petrification resistance
a: no special abilities


You were on level 3 of the Dungeon.
You visited 1 branch of the dungeon, and saw 3 of its levels.

You collected 77 gold pieces.


Innate Abilities, Weirdness & Mutations

You are immune to sickness and miasma.
Your stone body is resilient. (AC +4)
You are immune to poison.
You resist negative energy. (rN+)
You are resistant to electric shocks. (rElec)
You are resistant to unholy torment.
You are immune to petrification.


   Skills:
 - Level 3.2 Fighting
 - Level 4.3 Axes
 - Level 3.2 Armour
 + Level 0.8 Dodging
 - Level 3.2 Shields


You had 4 spell levels left.
You didn't know any spells.
Your spell library was empty.

Inventory:

Hand Weapons
 a - a +4 whip
 i - a +0 vampiric whip
 Y - a +0 war axe (weapon)
Armour
 b - a +0 scale mail (worn)
 c - a +0 buckler (worn)
Jewellery
 f - a +6 ring of strength (left hand)
 h - a +6 ring of dexterity (right hand)
Potions
 d - 2 potions of might
 e - a potion of brilliance {unknown}
 g - a potion of lignification {unknown}

Dungeon Overview and Level Annotations

Branches:
Dungeon (3/15)

Altars:
Sif Muna

Shops:
D:2 (


Message History

You kill the ball python!
You hit the gnoll. You barely miss the gnoll. x2
The gnoll hits you but does no damage. The gnoll barely misses you.
You block the gnoll's attack. x2
You hit the gnoll.
The gnoll is severely wounded.
You closely miss the kobold. You completely miss the gnoll.
You barely miss the gnoll. The gnoll hits you with a +0 whip.
The gnoll hits you from afar with a +0 spear.
You block the gnoll's attack.
A hobgoblin comes into view.
You block the kobold's attack. The gnoll barely misses you.
You barely miss the gnoll.
The gnoll is severely wounded.
You hit the gnoll. You hit the kobold. You slash the gnoll!
You block the gnoll's attack. The gnoll hits you but does no damage.
You block the gnoll's attack. x2; The kobold hits you but does no damage.
The gnoll hits you with a +0 flail. The kobold hits you but does no damage.
The gnoll hits you with a +0 halberd. The gnoll hits you with a +0 whip.
The gnoll misses you.
You slash the gnoll!
You kill the gnoll!
You hit the gnoll. You slash the kobold!
You kill the kobold!
You hit the gnoll. The gnoll misses you. You block the gnoll's attack.
The gnoll hits you with a +0 flail.
You have reached level 5!
You barely miss the gnoll.
The gnoll is heavily wounded.
You closely miss the gnoll. You hit the orc.
The orc hits you but does no damage. The gnoll closely misses you.
You block the gnoll's attack.
The gnoll hits you from afar with a +0 spear.
You hit the gnoll.
The gnoll is severely wounded.
You hit the gnoll. You completely miss the orc.
The gnoll hits you with a +0 whip.
You die...

#............##
.....#.#####.######
#...$......#.####
.....#.....%./..#
......####...#..##
.......####......#
.................#
..............####
.....$g@....###
.....ggo)..<#
............#
.......g.......
....##..........
##.. #.......$...
..# #>.......... #.
.......?....


You could see 3 gnolls, an orc and a hobgoblin.

Vanquished Creatures
  A gnoll (D:3)
  4 adders (D:2)
  4 worms (D:2)
  4 ball pythons
  4 bats
  An endoplasm (D:2)
  2 giant cockroaches (D:2)
  4 goblins
  4 hobgoblins
  8 jackals (D:2)
  2 quokkas (D:1)
  2 frilled lizards
  7 kobolds
  7 rats
54 creatures vanquished.

Notes
Turn   | Place    | Note
-------+----------+-------------------------------------------
     0 | D:1      | qw the Gargoyle Fighter began the quest for the Orb.
     0 | D:1      | Reached XP level 1. HP: 14/14 MP: 1/1
     0 | D:1      | 0 ||| qw: Version: 0.3-a-9-g12657ce
     0 | D:1      | 0 ||| qw: Game counter: 1622
     0 | D:1      | 0 ||| qw: Always use a shield: true
     0 | D:1      | 0 ||| qw: God list: Okawaru
     0 | D:1      | 0 ||| qw: Allow faded altars: false
     0 | D:1      | 0 ||| qw: Do Orc after D:15 true
     0 | D:1      | 0 ||| qw: Do second Lair branch before Depths: true
     0 | D:1      | 0 ||| qw: Lair rune preference: random
     0 | D:1      | 0 ||| qw: Plans: Normal, Zot:1-4, Slime:5, God:TSO, Crypt,
                  | Tomb, Abyss, Pan, Hells, Win
     0 | D:1      | 0 ||| PLANNING D:1-11
    29 | D:1      | 29 ||| Stepping ~*~*~tactically~*~*~ (hiding).
    32 | D:1      | Reached skill level 2 in Axes
    55 | D:1      | 55 ||| Stepping ~*~*~tactically~*~*~ (stealth).
    66 | D:1      | Reached XP level 2. HP: 19/19 MP: 2/2
   722 | D:1      | 722 ||| UPGRADING to +6 ring of strength.
   723 | D:1      | 723 ||| READING scroll labelled AGHAEL SI BIBB.
   746 | D:2      | Reached skill level 3 in Axes
   804 | D:2      | Reached XP level 3. HP: 22/23 MP: 3/3
   851 | D:2      | Found a shimmering blue altar of Sif Muna.
   895 | D:2      | 895 ||| Stepping ~*~*~tactically~*~*~ (stealth).
   925 | D:2      | Identified the +2 long sword of the Riding Gods {freeze,
                  | Will+}
   949 | D:2      | 949 ||| Stepping ~*~*~tactically~*~*~ (stealth).
   971 | D:2      | 971 ||| DROPPING +0 club.
  1035 | D:2      | Reached XP level 4. HP: 28/28 MP: 4/4
  1057 | D:2      | Reached skill level 4 in Axes
  1198 | D:2      | Found Buinaca's Antique Weapon Emporium.
  1201 | D:2      | 1201 ||| SHOPLISTING runed broad axe (182 gold, have 14).
  1446 | D:2      | 1446 ||| Stepping ~*~*~tactically~*~*~ (hiding).
  1449 | D:2      | 1449 ||| Stepping ~*~*~tactically~*~*~ (hiding).
  1652 | D:2      | 1652 ||| UPGRADING to +6 ring of dexterity.
  1696 | D:3      | 1696 ||| STAIRDANCE
  1749 | D:3      | HP: 6/28 [gnoll/+0 whip (5)]
  1750 | D:3      | HP: 2/28 [gnoll/+0 flail (4)]
  1751 | D:3      | Reached XP level 5. HP: 3/32 MP: 5/5
  1752 | D:3      | Slain by a gnoll

Levels and vault maps discovered:
D:1:      mrwooster_arrival_arrow, layout_basic
D:2:      layout_loops_cross, basic_altar, serial_shops,
          nicolae_shop_real_fake_doors
D:3:      layout_rooms, minmay_circle_x, uniq_crazy_yiuf_cottage

Skill      XL: |  1  2  3  4 |
---------------+-------------+-----
Axes           | 2 3 4 |  4.3
Fighting       | |  3.2
Armour         | |  3.2
Dodging        | |  0.8
Shields        | |  3.2

Action                     |  1- 3 |  4- 6 || total
---------------------------+-------+-------++-------
  Melee: War axe           |   100 |    54 ||   154
    Use: Scroll            |     1 |       ||     1
 Armour: Scale mail        |    42 |    37 ||    79
  Dodge: Dodged            |    44 |    32 ||    76
  Block: Buckler           |    21 |    21 ||    42

Table legend:
 A = Non-vault XP
 B = Vault XP
 C = Vault XP percentage of total XP
 D = Non-vault monster count
 E = Vault monster count
 F = Vault count percentage of total count
                 A         B        C        D         E       F
            +---------+---------+-------+---------+---------+-------
      Total |     165 |       0 |   0.0 |      54 |       0 |   0.0
            +---------+---------+-------+---------+---------+-------
        D:1 |      29 |       0 |   0.0 |      18 |       0 |   0.0
        D:2 |     114 |       0 |   0.0 |      31 |       0 |   0.0
        D:3 |      22 |       0 |   0.0 |       5 |       0 |   0.0
            +---------+---------+-------+---------+---------+-------
